[Event "Titled Tuesday Blitz July 05 Early 2022"]
[White "Bharath Subramaniyam H"]
[Black "Severino, Sander"]
[WhiteFideId "46634827"]
[BlackFideId "5204100"]
[WhiteElo "2242"]
[BlackElo "2408"]
[Result "0-1"]
[Round "10"]
[TimeControl "180+1"]
[Date "2022.07.05"]
[WhiteClock "0:01:16"]
[BlackClock "0:00:59"]

1. c4 e5 2. Nf3 Nc6 3. d4 exd4 4. Nxd4 Nf6 5. Nxc6 bxc6 6. g3 Bc5 7. Bg2 O-O 8. O-O h6 9. Nc3 Re8 10. b3 Qe7 11. Bb2 Rb8 12. Rc1 Ba3 13. Qd2 Bxb2 14. Qxb2 c5 15. Nb5 c6 16. Nc3 Bb7 17. Rfd1 d5 18. cxd5 cxd5 19. e3 Red8 20. Qa3 d4 21. exd4 Bxg2 22. Kxg2 Qb7+ 23. d5 Nxd5 24. Nxd5 Rxd5 25. Rxd5 Qxd5+ 26. Kg1 Re8 27. Qxa7 Re2 28. Rf1 h5 29. h4 Kh7 30. a4 Rb2 31. a5 Rxb3 32. Ra1 Qd4 33. Rc1 Rxg3+ 34. Kf1 Qd3+ 35. Ke1 Rg1# 0-1


[Site "https://www.chess.com"]

[Event "Titled Tuesday Blitz July 05 Early 2022"]
[White "Bortnyk, Olexandr"]
[Black "Livaic, Leon"]
[WhiteFideId "14120828"]
[BlackFideId "14531534"]
[WhiteElo "2723"]
[BlackElo "2540"]
[Result "1-0"]
[Round "10"]
[TimeControl "180+1"]
[Date "2022.07.05"]
[WhiteClock "0:00:41"]
[BlackClock "0:00:24"]

1. d4 d5 2. Nc3 e6 3. Bf4 Bb4 4. e3 c5 5. Ne2 Nc6 6. a3 Bxc3+ 7. Nxc3 cxd4 8. exd4 Qf6 9. Bg3 Nge7 10. Bb5 O-O 11. Bxc6 Nxc6 12. Ne2 b6 13. O-O Ba6 14. c3 Qf5 15. Re1 Bxe2 16. Rxe2 Na5 17. Qa4 Qd3 18. Rae1 Rac8 19. h4 h6 20. Re3 Qg6 21. Bd6 Rfd8 22. Rg3 Qf5 23. Be5 f6 24. Rf3 Qh7 25. Bg3 Rc4 26. b4 Nc6 27. Rxe6 Rc8 28. Qb5 Qg6 29. Qxd5 Qf7 30. Qxc4 Ne7 31. Qe2 Nf5 32. Rxf5 Qxe6 33. Qxe6+ 1-0


[Site "https://www.chess.com"]

[Event "Titled Tuesday Blitz July 05 Early 2022"]
[White "Cruz, Cristhian"]
[Black "Sargsyan, Anna M."]
[WhiteFideId "3801969"]
[BlackFideId "13308130"]
[WhiteElo "2497"]
[BlackElo "2271"]
[Result "1-0"]
[Round "10"]
[TimeControl "180+1"]
[Date "2022.07.05"]
[WhiteClock "0:01:00"]
[BlackClock "0:00:07"]

1. c4 c6 2. Nc3 d5 3. cxd5 cxd5 4. d4 e5 5. dxe5 d4 6. Ne4 Qa5+ 7. Nd2 Nc6 8. Nf3 Bg4 9. g3 d3 10. Bg2 dxe2 11. Qxe2 Nd4 12. Qe4 Bxf3 13. Bxf3 Nxf3+ 14. Qxf3 Qxe5+ 15. Kf1 O-O-O 16. Kg2 Nf6 17. Nc4 Qd5 18. Bf4 Qxf3+ 19. Kxf3 Nd5 20. Ne5 Nxf4 21. gxf4 Rg8 22. Rac1+ Kb8 23. Nxf7 Rd2 24. Rhd1 Bb4 25. Rxd2 Bxd2 26. Rd1 Bb4 27. Rd7 a5 28. Ng5 h6 29. Ne6 g5 30. f5 g4+ 31. Ke4 Rc8 32. a3 Be1 33. f6 Rc2 34. f7 Re2+ 35. Kf5 Rxf2+ 36. Nf4 1-0


[Site "https://www.chess.com"]

[Event "Titled Tuesday Blitz July 05 Early 2022"]
[White "Csonka, Balazs"]
[Black "Mkrtchian, Lilit"]
[WhiteFideId "742910"]
[BlackFideId "13300601"]
[WhiteElo "2404"]
[BlackElo "2310"]
[Result "1-0"]
[Round "10"]
[TimeControl "180+1"]
[Date "2022.07.05"]
[WhiteClock "0:00:18"]
[BlackClock "0:00:05"]

1. d4 Nf6 2. Nf3 d5 3. Bf4 c5 4. e3 Nc6 5. Nbd2 Bg4 6. c3 e6 7. Qa4 Nd7 8. Bb5 Qb6 9. O-O Be7 10. Ne5 Ndxe5 11. Bxe5 O-O 12. dxc5 Bxc5 13. Bxc6 Be2 14. Rfe1 Bd3 15. Qg4 f6 16. Qxe6+ Kh8 17. Bxd5 Qxe6 18. Bxe6 fxe5 19. Bd5 Rad8 20. Be4 Ba6 21. Nb3 Bb6 22. Rad1 g6 23. Bd5 Rd6 24. Bf3 Rfd8 25. Rxd6 Rxd6 26. Rd1 Rxd1+ 27. Bxd1 Bd3 28. Nd2 Kg7 29. Bf3 Kf6 30. Bxb7 Bc5 31. Be4 Ba6 32. Bc2 Ke6 33. Ne4 Be7 34. f3 Kd5 35. Kf2 Bb5 36. Ke1 Kc6 37. b3 a5 38. c4 Ba6 39. Kd2 Bc8 40. Nc3 Bb4 41. Be4+ Kc5 42. Kc2 Be6 43. Kb2 Kd6 44. Bd3 Bc5 45. Ne4+ Kc6 46. Nxc5 Kxc5 47. Kc3 Bd7 48. a3 Bc6 49. b4+ axb4+ 50. axb4+ Kb6 51. c5+ Kc7 52. e4 Bd5 53. exd5 1-0


[Site "https://www.chess.com"]

[Event "Titled Tuesday Blitz July 05 Early 2022"]
[White "Dubov, Daniil"]
[Black "Shimanov, Aleksandr"]
[WhiteFideId "24126055"]
[BlackFideId "4198603"]
[WhiteElo "2791"]
[BlackElo "2605"]
[Result "1-0"]
[Round "10"]
[TimeControl "180+1"]
[Date "2022.07.05"]
[WhiteClock "0:01:51"]
[BlackClock "0:00:48"]

1. e4 c6 2. d4 d5 3. e5 Bf5 4. Nf3 e6 5. Be2 Ne7 6. Nbd2 Nd7 7. O-O h6 8. Re1 a6 9. Nf1 c5 10. c4 dxc4 11. Ne3 Be4 12. Nd2 Bc6 13. Ndxc4 Nd5 14. Bf3 N5b6 15. d5 exd5 16. e6 Nf6 17. Ne5 fxe6 18. Bh5+ Ke7 19. Nf5+ exf5 20. Nxc6+ 1-0


[Site "https://www.chess.com"]

[Event "Titled Tuesday Blitz July 05 Early 2022"]
[White "Fedoseev, Vladimir"]
[Black "Timofeev, Artyom"]
[WhiteFideId "24130737"]
[BlackFideId "4140419"]
[WhiteElo "2726"]
[BlackElo "2578"]
[Result "1-0"]
[Round "10"]
[TimeControl "180+1"]
[Date "2022.07.05"]
[WhiteClock "0:00:29"]
[BlackClock "0:00:28"]

1. e4 c6 2. d4 d5 3. e5 Bf5 4. Nf3 e6 5. Be2 h6 6. O-O Ne7 7. Nbd2 Bh7 8. Nb3 Ng6 9. Bd3 Be7 10. a4 a5 11. Bd2 O-O 12. Qe1 b6 13. Rc1 Nd7 14. Qe2 Re8 15. c4 Ngf8 16. Bxh7+ Nxh7 17. cxd5 cxd5 18. Qb5 Nb8 19. Rc7 Na6 20. Rb7 Nb4 21. Rxb6 Ng5 22. Nxg5 Bxg5 23. Bxb4 axb4 24. a5 Qc8 25. f4 Be7 26. Rc1 Qd8 27. a6 g5 28. Rb7 gxf4 29. Rd7 Qb8 30. Qxb8 Raxb8 31. a7 Ra8 32. Rcc7 Kf8 33. Na5 b3 34. Nc6 Bg5 35. Rxf7+ Kg8 36. Rg7+ Kh8 37. Rh7+ Kg8 38. Rcg7+ Kf8 39. Rb7 Kg8 40. Rhg7+ Kh8 41. Rgc7 f3 42. gxf3 Be3+ 43. Kf1 Bc1 44. Rxb3 Rf8 45. Ke2 Rg8 46. Rb8 1-0


[Site "https://www.chess.com"]

[Event "Titled Tuesday Blitz July 05 Early 2022"]
[White "Garcia Ramos, Daniel"]
[Black "Lashkin, Jegor"]
[WhiteFideId "32010311"]
[BlackFideId "13907808"]
[WhiteElo "2268"]
[BlackElo "2368"]
[Result "1-0"]
[Round "10"]
[TimeControl "180+1"]
[Date "2022.07.05"]
[WhiteClock "0:01:52"]
[BlackClock "0:00:19"]

1. e4 c5 2. Nf3 d6 3. d4 cxd4 4. Nxd4 Nf6 5. f3 e5 6. Nb3 d5 7. Bg5 Be6 8. exd5 Qxd5 9. Nc3 Qxd1+ 10. Rxd1 Bb4 11. Bd2 Nc6 12. Nb5 Ke7 13. Be2 Bxd2+ 14. Rxd2 Rac8 15. O-O Rhd8 16. Rfd1 Rxd2 17. Rxd2 a6 18. Nd6 Rc7 19. Nc5 Nd4 20. Ndxb7 Nxe2+ 21. Rxe2 Bc8 22. Rxe5+ Kf8 23. Nd6 Bd7 24. b4 g6 25. c4 Rc6 26. Ndb7 Bf5 27. b5 axb5 28. cxb5 Rb6 29. a4 Bc2 30. Na5 Rd6 31. Nc4 Rd1+ 32. Kf2 Nd5 33. b6 Nc3 34. b7 Rb1 35. Nd7+ Kg7 36. Ncb6 1-0


[Site "https://www.chess.com"]

[Event "Titled Tuesday Blitz July 05 Early 2022"]
[White "Grandelius, Nils"]
[Black "Volkov, Maksim"]
[WhiteFideId "1710400"]
[BlackFideId "54123070"]
[WhiteElo "2617"]
[BlackElo "2155"]
[Result "0-1"]
[Round "10"]
[TimeControl "180+1"]
[Date "2022.07.05"]
[WhiteClock "0:00:02"]
[BlackClock "0:00:05"]

1. d4 d5 2. Bf4 Nf6 3. e3 c5 4. Nf3 Nc6 5. Nbd2 Qb6 6. dxc5 Qxb2 7. Rb1 Qc3 8. Bb5 e6 9. O-O Bd7 10. Nb3 Bxc5 11. Bxc6 Bxc6 12. Be5 Qb4 13. Nfd4 Be7 14. Nxc6 bxc6 15. Nd4 Qc4 16. Rb7 Nd7 17. Bxg7 Rg8 18. Bh6 Rg6 19. Qh5 Bd6 20. Bg5 Qa6 21. Rbb1 h6 22. Bh4 Nf6 23. Bxf6 Rxf6 24. Rfd1 Rg6 25. g3 Kd7 26. c4 Rc8 27. Qf3 Ke7 28. Rdc1 Rf6 29. Qd1 Qxa2 30. cxd5 Qxf2+ 31. Kh1 exd5 32. Nxc6+ Kf8 33. Qxd5 Kg7 34. Rf1 Qxf1+ 35. Rxf1 Rxf1+ 36. Kg2 Rf6 37. Nxa7 Rc2+ 38. Kh3 Bb8 39. Nb5 Rff2 40. Nd4 Rxh2+ 41. Kg4 Rcf2 42. Nf5+ Kg6 43. Nh4+ Kg7 44. Qd4+ Kh7 45. Qe4+ Kg7 46. Nf5+ Kg6 47. Nd6+ Kg7 48. Nf5+ Kg6 49. Nh4+ Kg7 50. Qc6 Be5 51. Qd5 Bf6 52. Nf5+ Kg6 53. Nh4+ Kg7 54. Nf5+ Kg8 55. Nd6 h5+ 56. Qxh5 Rxh5 57. Ne4 Rhf5 0-1


[Site "https://www.chess.com"]

[Event "Titled Tuesday Blitz July 05 Early 2022"]
[White "Hansen, Sune Berg"]
[Black "Kozlov, Gennady"]
[WhiteFideId "1400266"]
[BlackFideId "4191668"]
[WhiteElo "2659"]
[BlackElo "2392"]
[Result "1-0"]
[Round "10"]
[TimeControl "180+1"]
[Date "2022.07.05"]
[WhiteClock "0:00:59"]
[BlackClock "0:02:11"]

1. Nf3 d5 2. g3 c6 3. Bg2 Bf5 4. O-O h6 5. c4 e6 6. Qb3 Qb6 7. d3 Nf6 8. cxd5 exd5 9. Qc2 Bd6 10. Nc3 O-O 11. e4 dxe4 12. dxe4 Bh7 13. Be3 Qc7 14. Nd4 Nbd7 15. h3 Rfe8 16. Rad1 Rad8 17. Rfe1 a6 18. f4 Nc5 19. Bf2 b5 20. a3 a5 21. Ncxb5 cxb5 22. Nxb5 Ncxe4 23. Nxc7 Nxf2 24. Rxe8+ Nxe8 25. Qxf2 Nxc7 26. Kh2 Kf8 27. Qb6 Ke7 28. Re1+ Ne6 29. Qxa5 Rc8 30. f5 Rc5 31. Qxc5 Bxc5 32. fxe6 fxe6 33. Bd5 Bg8 34. Bc4 Kd6 35. b4 Bd4 36. Kg2 Be5 37. a4 Bh7 38. Rd1+ Ke7 39. Kf3 Bc3 40. b5 e5 41. Bd3 Bg8 42. b6 1-0


[Site "https://www.chess.com"]

[Event "Titled Tuesday Blitz July 05 Early 2022"]
[White "Harvey, Marcus R"]
[Black "Xu, Yi"]
[WhiteFideId "400092"]
[BlackFideId "8605564"]
[WhiteElo "2485"]
[BlackElo "2471"]
[Result "0-1"]
[Round "10"]
[TimeControl "180+1"]
[Date "2022.07.05"]
[WhiteClock "0:00:02"]
[BlackClock "0:00:19"]

1. d4 Nf6 2. c4 e6 3. Nf3 d5 4. g3 Bb4+ 5. Bd2 Be7 6. Bg2 O-O 7. O-O c6 8. Bf4 Nbd7 9. Nbd2 b6 10. e4 Nxe4 11. Nxe4 dxe4 12. Ne5 Nxe5 13. dxe5 Bb7 14. Bxe4 Qc7 15. Qc2 h6 16. Qc3 c5 17. Bc2 Rfd8 18. Rae1 Rd4 19. Be3 Rd7 20. Bb1 Bg5 21. Qc2 g6 22. Qc1 Bxe3 23. Qxe3 h5 24. Qh6 Rad8 25. Re2 Rd1 26. Bc2 Qc6 27. Be4 Qc7 28. Rxd1 Rxd1+ 29. Kg2 Qxe5 30. f3 Bxe4 31. fxe4 Qd4 32. b3 Qg1+ 33. Kh3 Qf1+ 34. Rg2 Qf3 35. Qf4 Qxf4 36. gxf4 Rd3+ 37. Kh4 Kg7 38. Rf2 Kf6 39. h3 Re3 40. e5+ Kf5 41. Rg2 Kxf4 42. Rf2+ Rf3 43. Rd2 g5+ 0-1


[Site "https://www.chess.com"]

[Event "Titled Tuesday Blitz July 05 Early 2022"]
[White "Ibarra Jerez, Jose Carlos"]
[Black "Zhalmakhanov, Ramazan"]
[WhiteFideId "2226332"]
[BlackFideId "13706357"]
[WhiteElo "2628"]
[BlackElo "2397"]
[Result "1-0"]
[Round "10"]
[TimeControl "180+1"]
[Date "2022.07.05"]
[WhiteClock "0:00:48"]
[BlackClock "0:01:26"]

1. e4 c5 2. Nc3 d6 3. d4 cxd4 4. Qxd4 Nc6 5. Qd2 Nf6 6. b3 e6 7. Bb2 Be7 8. O-O-O O-O 9. f4 a6 10. g4 b5 11. g5 Nd7 12. Nf3 Bb7 13. Kb1 Nc5 14. Qe3 b4 15. Ne2 a5 16. Ng3 Re8 17. f5 Bf8 18. g6 fxg6 19. fxg6 h6 20. Nf5 Qc7 21. Nxh6+ gxh6 22. g7 Bxg7 23. Bxg7 Kxg7 24. Rg1+ Kh7 25. Ng5+ hxg5 26. Qxg5 1-0


[Site "https://www.chess.com"]

[Event "Titled Tuesday Blitz July 05 Early 2022"]
[White "Jones, Gawain C B"]
[Black "Chernobay, Artem"]
[WhiteFideId "409561"]
[BlackFideId "4167406"]
[WhiteElo "2657"]
[BlackElo "2473"]
[Result "1-0"]
[Round "10"]
[TimeControl "180+1"]
[Date "2022.07.05"]
[WhiteClock "0:00:27"]
[BlackClock "0:00:02"]

1. e4 e6 2. d3 d5 3. Qe2 Be7 4. Nf3 Nf6 5. g3 c5 6. Bg2 Nc6 7. O-O b6 8. e5 Nd7 9. c4 d4 10. Bf4 Bb7 11. h4 h6 12. h5 Qc7 13. Na3 a6 14. Nc2 O-O-O 15. b4 cxb4 16. Rfb1 Nc5 17. a3 b3 18. Nb4 a5 19. Nxc6 Bxc6 20. a4 Bxa4 21. Nd2 Bc6 22. Nxb3 Bxg2 23. Kxg2 Qc6+ 24. Kg1 Na4 25. c5 Nc3 26. Qb2 Bxc5 27. Nxc5 Qxc5 28. Qxb6 Qxb6 29. Rxb6 Kc7 30. Ra6 a4 31. Ra7+ Kc6 32. Rxf7 Rd7 33. Rxd7 Kxd7 34. Kg2 Ra8 35. Bc1 Kc6 36. g4 Nb5 37. f4 a3 38. f5 exf5 39. gxf5 Kd5 40. f6 Kxe5 41. fxg7 a2 42. Bxh6 Nc3 43. Rf1 Nb1 44. Rf8 a1=Q 45. g8=Q Qb2+ 46. Kh3 Rxf8 47. Qxf8 Nc3 48. Bg7+ Kd5 49. Qd8+ Kc6 50. Qxd4 1-0


[Site "https://www.chess.com"]

[Event "Titled Tuesday Blitz July 05 Early 2022"]
[White "Kamsky, Gata"]
[Black "Andreikin, Dmitry"]
[WhiteFideId "2000024"]
[BlackFideId "4158814"]
[WhiteElo "2645"]
[BlackElo "2736"]
[Result "0-1"]
[Round "10"]
[TimeControl "180+1"]
[Date "2022.07.05"]
[WhiteClock "0:00:01"]
[BlackClock "0:01:07"]

1. d4 Nf6 2. Nf3 e6 3. Bf4 Nh5 4. Bg3 Nxg3 5. hxg3 g6 6. e4 Bg7 7. c3 d6 8. Nbd2 Nd7 9. Bd3 b6 10. Qe2 a6 11. O-O-O Bb7 12. Kb1 b5 13. Rh4 h6 14. g4 c5 15. Qe3 b4 16. cxb4 Bxd4 17. Qe2 Bg7 18. Nc4 Qe7 19. Bc2 d5 20. Na5 Rb8 21. Nxb7 Rxb7 22. Qxa6 Rxb4 23. Qc8+ Qd8 24. Qxd8+ Kxd8 25. exd5 Rxb2+ 26. Kc1 Rxa2 27. dxe6 fxe6 28. g5 Ke7 29. Ra4 Rxa4 30. Bxa4 Nb6 31. Bc2 hxg5 32. Bxg6 Nd5 33. Kd2 g4 34. Ng1 Bd4 35. Ke1 Rf8 36. Ne2 Bxf2+ 37. Kd2 Ne3 38. Ra1 Rd8+ 39. Kc3 Nxg2 0-1


[Site "https://www.chess.com"]

[Event "Titled Tuesday Blitz July 05 Early 2022"]
[White "Kovalev, Vladislav"]
[Black "Lazavik, Denis"]
[WhiteFideId "13504398"]
[BlackFideId "13515110"]
[WhiteElo "2530"]
[BlackElo "2437"]
[Result "0-1"]
[Round "10"]
[TimeControl "180+1"]
[Date "2022.07.05"]
[WhiteClock "0:00:01"]
[BlackClock "0:00:50"]

1. e4 e5 2. Nf3 Nc6 3. Bb5 Nf6 4. O-O Nxe4 5. Re1 Nd6 6. Nxe5 Be7 7. Bf1 Nxe5 8. Rxe5 O-O 9. d4 Bf6 10. Re1 Re8 11. c3 Rxe1 12. Qxe1 Ne8 13. a4 a5 14. d5 d6 15. Nd2 Bg5 16. g3 Bd7 17. Bd3 Nf6 18. f4 Bh6 19. c4 c6 20. Nf3 cxd5 21. cxd5 g6 22. Be3 Nxd5 23. Bd4 Bg7 24. Qf2 Bxd4 25. Qxd4 Qb6 26. Bc4 Qxd4+ 27. Nxd4 Nb6 28. Bb3 Re8 29. Kf2 Re4 30. Rd1 Bxa4 31. Bxa4 Nxa4 32. b3 Nc5 33. Kf3 Re8 34. Nb5 Nxb3 35. Rxd6 a4 36. Rb6 Nc5 37. Nc3 a3 38. Rb5 Rc8 39. Ra5 Nb3 0-1


[Site "https://www.chess.com"]

[Event "Titled Tuesday Blitz July 05 Early 2022"]
[White "Kozlov, Oleg"]
[Black "Cherniaiev, Tykhon"]
[WhiteFideId "4104544"]
[BlackFideId "14182360"]
[WhiteElo "2132"]
[BlackElo "2263"]
[Result "0-1"]
[Round "10"]
[TimeControl "180+1"]
[Date "2022.07.05"]
[WhiteClock "0:00:04"]
[BlackClock "0:00:48"]

1. d4 Nf6 2. c4 e6 3. g3 d5 4. Bg2 Be7 5. Nf3 O-O 6. Qc2 dxc4 7. Qxc4 a6 8. Bf4 Bd6 9. Nc3 Bxf4 10. gxf4 Nd5 11. e3 b5 12. Qd3 Bb7 13. Ng5 g6 14. Nxd5 Bxd5 15. Bxd5 Qxd5 16. Qe4 Nd7 17. Qxd5 exd5 18. Rc1 Rfc8 19. Rc6 Nb8 20. Rc5 c6 21. Ke2 Nd7 22. Rc3 c5 23. dxc5 Rxc5 24. Rxc5 Nxc5 25. Rc1 Ne4 26. Nf3 Re8 27. Nd4 b4 28. Nc6 a5 29. Rd1 a4 30. Nxb4 a3 31. Nxd5 axb2 32. f3 Rb8 33. Rb1 Nc5 34. Kd2 Rd8 35. e4 f5 36. Ke3 fxe4 37. fxe4 Na4 38. Kd4 Kf7 39. Kc4 Rc8+ 40. Kb4 Rc1 0-1


[Site "https://www.chess.com"]

[Event "Titled Tuesday Blitz July 05 Early 2022"]
[White "Lawson, Eric"]
[Black "Maximov, Dmitry"]
[WhiteFideId "2604116"]
[BlackFideId "14105659"]
[WhiteElo "2471"]
[BlackElo "2494"]
[Result "0-1"]
[Round "10"]
[TimeControl "180+1"]
[Date "2022.07.05"]
[WhiteClock "0:01:29"]
[BlackClock "0:02:01"]

1. d4 Nf6 2. Bg5 c5 3. d5 Qb6 4. Bc1 g6 5. f3 Bg7 6. e4 O-O 7. Na3 d6 8. Nc4 Qc7 9. a4 e6 10. Bf4 Rd8 11. dxe6 Bxe6 12. c3 Nc6 13. Nh3 Bxh3 14. gxh3 Qe7 15. Bxd6 Qe6 16. e5 Nxe5 17. Bxe5 Rxd1+ 18. Rxd1 Nd5 19. f4 Nxf4 0-1


[Site "https://www.chess.com"]

[Event "Titled Tuesday Blitz July 05 Early 2022"]
[White "Leisch, Lukas"]
[Black "Molina, Roberto Junio Brito"]
[WhiteFideId "1632094"]
[BlackFideId "2109450"]
[WhiteElo "2216"]
[BlackElo "2432"]
[Result "0-1"]
[Round "10"]
[TimeControl "180+1"]
[Date "2022.07.05"]
[WhiteClock "0:00:56"]
[BlackClock "0:00:17"]

1. b3 d5 2. Bb2 Bg4 3. h3 Bh5 4. g4 Bg6 5. Bg2 c6 6. d3 f6 7. f4 h5 8. f5 Bf7 9. Nd2 Qd6 10. Kf2 hxg4 11. hxg4 Rxh1 12. Bxh1 Qh2+ 13. Bg2 Nh6 14. e4 Qh4+ 15. Kf1 Nxg4 16. Qe1 Nh2+ 17. Ke2 Bh5+ 18. Ngf3 Qf4 19. Qf2 dxe4 20. dxe4 Na6 21. Rh1 Rd8 22. Ke1 Ng4 23. Qxa7 Qg3+ 24. Kd1 Nf2+ 25. Kc1 Nxh1 26. Bxh1 Bxf3 27. Bxf3 Qe1+ 28. Bd1 Qxd2+ 29. Kb1 Qxd1+ 0-1


[Site "https://www.chess.com"]

[Event "Titled Tuesday Blitz July 05 Early 2022"]
[White "Maksimovic, Bojan"]
[Black "Prokofiev, Valentyn"]
[WhiteFideId "14408120"]
[BlackFideId "14160161"]
[WhiteElo "2453"]
[BlackElo "2142"]
[Result "1-0"]
[Round "10"]
[TimeControl "180+1"]
[Date "2022.07.05"]
[WhiteClock "0:00:08"]
[BlackClock "0:00:04"]

1. Nf3 Nf6 2. c4 g6 3. Nc3 Bg7 4. e4 d6 5. d4 c5 6. d5 O-O 7. Be2 e6 8. O-O Re8 9. Bf4 Nh5 10. Bg5 Qb6 11. Qd2 Na6 12. Rad1 e5 13. g3 Bd7 14. Nh4 Nf6 15. f4 Bh3 16. fxe5 Bxf1 17. Rxf1 Nd7 18. e6 Ne5 19. Nf5 gxf5 20. exf5 f6 21. Ne4 Rf8 22. Bh4 Nc7 23. Kh1 Ne8 24. g4 h6 25. Bf2 Qc7 26. Be3 Kh7 27. Rg1 b5 28. cxb5 a6 29. bxa6 c4 30. Bd4 Rxa6 31. b3 Ra8 32. h4 cxb3 33. axb3 Rg8 34. g5 Bh8 35. g6+ Kg7 36. Ng3 Kf8 37. Qxh6+ Bg7 38. Qe3 Rh8 39. h5 Qc2 40. Rc1 Qa2 41. Ra1 Qxa1+ 42. Bxa1 Rxa1+ 43. Kg2 Nc7 44. Qb6 Nxd5 45. Qxd6+ Ne7 46. Qd8# 1-0


[Site "https://www.chess.com"]

[Event "Titled Tuesday Blitz July 05 Early 2022"]
[White "Martinez Alcantara, Jose Eduardo"]
[Black "Tanenbaum, Zachary"]
[WhiteFideId "3805662"]
[BlackFideId "2060850"]
[WhiteElo "2703"]
[BlackElo "2175"]
[Result "1-0"]
[Round "10"]
[TimeControl "180+1"]
[Date "2022.07.05"]
[WhiteClock "0:00:57"]
[BlackClock "0:00:01"]

1. e4 e5 2. Nf3 Nc6 3. Bb5 a6 4. Ba4 d6 5. O-O Nf6 6. Re1 Be7 7. c3 O-O 8. d4 b5 9. Bc2 Bg4 10. Be3 exd4 11. cxd4 Nb4 12. Nbd2 Nxc2 13. Qxc2 Qd7 14. Rac1 c5 15. dxc5 dxc5 16. Bxc5 Rfc8 17. b4 a5 18. a3 axb4 19. axb4 Bxc5 20. bxc5 Bxf3 21. Nxf3 Ra4 22. c6 Qe8 23. Qc5 Rxe4 24. Rxe4 Qxe4 25. Qxb5 h6 26. h3 Qf4 27. Rc4 Qd6 28. Qc5 Qd1+ 29. Kh2 Rc7 30. Qe5 Rc8 31. Nd4 Re8 32. Qf5 Qf1 33. Rc2 Qa6 34. c7 Rc8 35. g3 Qb7 36. Nb5 Rf8 37. Nd6 Qb1 38. c8=Q Rxc8 39. Qxc8+ 1-0


[Site "https://www.chess.com"]

[Event "Titled Tuesday Blitz July 05 Early 2022"]
[White "Nakamura, Hikaru"]
[Black "Terry, Renato"]
[WhiteFideId "2016192"]
[BlackFideId "3803457"]
[WhiteElo "2850"]
[BlackElo "2577"]
[Result "1-0"]
[Round "10"]
[TimeControl "180+1"]
[Date "2022.07.05"]
[WhiteClock "0:00:15"]
[BlackClock "0:00:01"]

1. Nf3 Nf6 2. d4 d5 3. Bf4 c6 4. e3 Qb6 5. b3 Bg4 6. Nbd2 Nbd7 7. c4 e6 8. Bd3 Nh5 9. Bg3 Nxg3 10. hxg3 g6 11. Qc2 Bxf3 12. gxf3 Bg7 13. f4 c5 14. dxc5 Nxc5 15. Rd1 O-O 16. O-O Rac8 17. Qb1 Rfd8 18. cxd5 Rxd5 19. Be2 Rcd8 20. Nc4 Qb4 21. Bf3 R5d7 22. Rxd7 Rxd7 23. Rd1 b5 24. Nd6 Bf8 25. Rd4 Qa3 26. Nxb5 Qa6 27. Rxd7 Nxd7 28. Nd4 Bc5 29. Nc6 Qb6 30. Qd3 Nf6 31. Qc3 Nd7 32. b4 Bf8 33. a4 Nb8 34. Ne5 Bxb4 35. Qc8+ Kg7 36. Kg2 Bd6 37. Ng4 Qc7 38. Qxc7 Bxc7 39. e4 Nd7 40. e5 Nc5 41. Bc6 Bb6 42. Kf1 Kf8 43. Nf6 h6 44. Ke2 Nb3 45. Kf1 Kg7 46. Ne4 Kf8 47. Nd6 Bc5 48. Nc4 h5 49. Kg2 Nc1 50. Be4 Nb3 51. Bc2 Nd4 52. Bd3 Ke7 53. a5 Kd7 54. a6 Nc6 55. Nd2 Nb4 56. Bb5+ Kc7 57. Be8 Nd3 58. Ne4 1-0


[Site "https://www.chess.com"]

[Event "Titled Tuesday Blitz July 05 Early 2022"]
[White "Namitbir Singh Walia"]
[Black "Mitrabha, Guha"]
[WhiteFideId "35071068"]
[BlackFideId "5057000"]
[WhiteElo "1565"]
[BlackElo "2499"]
[Result "0-1"]
[Round "10"]
[TimeControl "180+1"]
[Date "2022.07.05"]
[WhiteClock "0:00:07"]
[BlackClock "0:00:06"]

1. d4 Nf6 2. Nf3 b6 3. Bf4 Bb7 4. Nbd2 g6 5. h3 Bg7 6. e3 O-O 7. Bd3 d6 8. O-O Nbd7 9. e4 Nh5 10. Be3 e5 11. c3 Nf4 12. Bxf4 exf4 13. Re1 Qe7 14. a4 a6 15. Qb3 Kh8 16. Nc4 Rab8 17. Re2 Bc8 18. Rae1 c5 19. e5 d5 20. Nd6 c4 21. Bxc4 dxc4 22. Qxc4 Bb7 23. Nxb7 Rxb7 24. Qxa6 Rc7 25. Qb5 Rd8 26. Nd2 Qe6 27. Re4 g5 28. Nf3 Qg6 29. e6 Nf6 30. Re5 h6 31. exf7 Qxf7 32. Re6 Nd5 33. c4 Ne3 34. Rc6 Rxc6 35. Qxc6 Nxc4 36. b3 Nd6 37. Qxb6 Qf6 38. Ne5 Kh7 39. Rc1 Nf5 40. Qxf6 Bxf6 41. Nc6 Rc8 42. d5 Nd4 43. b4 Ne2+ 44. Kf1 Nxc1 45. b5 Nb3 46. b6 Nc5 47. a5 Ra8 48. d6 Nb7 49. d7 Nxa5 50. Na7 Nb7 51. Nc8 Ra2 0-1


[Site "https://www.chess.com"]

[Event "Titled Tuesday Blitz July 05 Early 2022"]
[White "Navarrete Mendez, Gonzalo Alberto"]
[Black "Kucuksari, Kaan"]
[WhiteFideId "5106850"]
[BlackFideId "6380166"]
[WhiteElo "2261"]
[BlackElo "2305"]
[Result "1-0"]
[Round "10"]
[TimeControl "180+1"]
[Date "2022.07.05"]
[WhiteClock "0:01:09"]
[BlackClock "0:01:34"]

1. e4 c5 2. Nf3 Nc6 3. Nc3 g6 4. Bc4 Bg7 5. O-O e6 6. d4 Nxd4 7. Nxd4 cxd4 8. Nb5 d5 9. exd5 exd5 10. Bb3 Nf6 11. Re1+ Ne4 12. Bxd5 f5 13. Bxe4 fxe4 14. Rxe4+ Kf8 15. Qf3+ Kg8 16. Bg5 Qd7 17. Qb3+ Qf7 18. Qxf7+ Kxf7 19. Nd6+ Kg8 20. Re8+ Bf8 21. Bh6 Be6 22. Rxa8 1-0


[Site "https://www.chess.com"]

[Event "Titled Tuesday Blitz July 05 Early 2022"]
[White "Niemann, Hans Moke"]
[Black "Naroditsky, Daniel"]
[WhiteFideId "2093596"]
[BlackFideId "2026961"]
[WhiteElo "2632"]
[BlackElo "2608"]
[Result "0-1"]
[Round "10"]
[TimeControl "180+1"]
[Date "2022.07.05"]
[WhiteClock "0:00:02"]
[BlackClock "0:00:13"]

1. e4 e5 2. Nf3 Nc6 3. Bc4 Nf6 4. d3 h6 5. c3 g5 6. a4 Bg7 7. a5 a6 8. Qb3 Qe7 9. Nbd2 d6 10. Nf1 Nd8 11. Ng3 c6 12. h4 g4 13. Nd2 O-O 14. Qa3 Qc7 15. Ndf1 d5 16. Bb3 Ne6 17. Nf5 Nf4 18. Bxf4 Bxf5 19. Bg3 dxe4 20. Ne3 Qd7 21. Bxe5 exd3 22. O-O-O Ne4 23. Nxf5 d2+ 24. Kb1 Qxf5 25. Bxg7 Nxc3+ 26. Ka1 Nxd1 27. Bxf8 Nxf2 28. Rf1 Rxf8 29. Qd6 d1=Q+ 30. Bxd1 Qxa5+ 31. Kb1 Rd8 32. Qf4 Qd2 0-1


[Site "https://www.chess.com"]

[Event "Titled Tuesday Blitz July 05 Early 2022"]
[White "Perez Gormaz, Matias"]
[Black "Averjanov, Alexey"]
[WhiteFideId "3406342"]
[BlackFideId "14109867"]
[WhiteElo "2341"]
[BlackElo "2716"]
[Result "1/2-1/2"]
[Round "10"]
[TimeControl "180+1"]
[Date "2022.07.05"]
[WhiteClock "0:02:21"]
[BlackClock "0:02:37"]

1. e4 c6 2. Nf3 d5 3. Nc3 Bg4 4. h3 Bxf3 5. Qxf3 e6 6. Be2 dxe4 7. Nxe4 Nd7 8. d4 Ngf6 9. c3 Nxe4 10. Qxe4 Nf6 11. Qc2 g6 12. a4 a5 13. Qb3 Qc7 14. g3 Bg7 15. Bf4 Qe7 16. O-O Nd5 17. Bd2 O-O 18. Rfe1 Rfd8 19. Bf3 Qc7 20. Kg2 Rd7 21. Re2 Rad8 22. Rae1 Bf6 23. h4 h5 24. Bc1 Kg7 25. Qc2 Qb6 1/2-1/2


[Site "https://www.chess.com"]